 Dungeon Crawl Stone Soup version 0.18-a0-79-gb542d04 (webtiles) character file.

6275 Duffy the Grappler (level 10, 91/91 (92) HPs)
             Began as a Ghoul Monk on Nov 13, 2015.
             Was the Champion of Cheibriados.
             Quit the game on level 9 of the Dungeon.
             The game lasted 00:14:47 (8315 turns).

Duffy the Grappler (Ghoul Monk)                     Turns: 8315, Time: 00:14:47

HP:   91/91 (92)    AC: 22    Str: 34    XL:     10   Next: 94%
MP:   0/0           EV: 15    Int: 23    God:    Cheibriados [******]
Gold: 577           SH:  0    Dex: 29    Spells: 0 memorised, 9 levels left

rFire  + + .     SeeInvis .       - Unarmed
rCold  + . .     Clarity  .     E - +7 chain mail "Epahu" {rF+ MP-9 Str+3 Int+3}
rNeg   + + +     SustAt   .     (no shield)
rPois  ∞         Gourm    .     j - +0 helmet (curse)
rElec  .         Spirit   .     y - +0 cloak
rCorr  .         Warding  .     r - +2 pair of gloves
rMut   .         Stasis   .     (no boots)
MR     .....                    (no amulet)
Stlth  ..........               A - ring of protection from fire
                                (no ring)

@: rotting, very slow, not resistant to hostile enchantments, extremely
unstealthy
A: rotting body, claws 1, carnivore 3, cold resistance 1, negative energy
resistance 3, slow regeneration 1, torment resistance, unbreathing
a: Bend Time, Temporal Distortion, Slouch, Step From Time, Renounce Religion


You were on level 9 of the Dungeon.
You worshipped Cheibriados.
Cheibriados was exalted by your worship.
You were not hungry.

You visited 1 branch of the dungeon, and saw 9 of its levels.

You collected 577 gold pieces.


Innate Abilities, Weirdness & Mutations

Your body is rotting away.
You thrive on raw meat.
You are immune to poison.
You have sharp fingernails.
You are carnivorous and can eat meat at any time.
Your flesh is cold resistant.
You are immune to negative energy.
You regenerate slowly when monsters are visible.
You are immune to unholy pain and torment.
You can survive without breathing.


   Skills:
 + Level 9.6 Fighting
 + Level 5.8 Armour
 - Level 5.5 Dodging
 - Level 2.2 Stealth
 + Level 12.5 Unarmed Combat


You had 9 spell levels left.
You didn't know any spells.

Inventory:

Missiles
 e - 52 poisoned needles
 x - 6 javelins (quivered)
Armour
 a - a +0 ring mail of fire resistance
 j - a cursed +0 helmet (worn)
 r - a +2 pair of gloves (worn)
 y - a +0 cloak (worn)
 E - the +7 chain mail "Epahu" (worn) {rF+ MP-9 Str+3 Int+3}

   It affects your strength (+3).
   It affects your intelligence (+3).
   It protects you from fire.
   It affects your magic capacity (-9).
Jewellery
 v - an uncursed ring of teleportation
 A - a ring of protection from fire (right hand)
Wands
 i - a wand of magic darts (19)
 C - a wand of fire (0)
Scrolls
 k - a scroll of amnesia {unknown}
 n - a scroll of fog
 o - 4 scrolls of teleportation
 q - a scroll of identify
 t - a scroll of immolation {unknown}
 u - a scroll of blinking {unknown}
 B - a scroll of enchant weapon {unknown}
 D - a scroll of acquirement {unknown}
Potions
 g - 5 potions of flight
 l - a potion of resistance
 m - 2 potions of invisibility {unknown}
 p - 2 potions of agility
 s - 2 potions of curing
 w - a potion of cancellation {unknown}
 z - a potion of ambrosia {unknown}
Miscellaneous
 h - a fan of gales
 F - a sack of spiders
Comestibles
 b - 6 meat rations
 c - 2 beef jerkies
 d - 3 slices of pizza
 f - 5 chunks of flesh

Dungeon Overview and Level Annotations

Branches:
Dungeon (9/15)             Temple (0/1) D:7            Lair (0/8) D:8
    Orc: D:9-12

Altars:
Ashenzari
Cheibriados
Fedhas
Kikubaaqudgha
Okawaru
Qazlal
Trog
Yredelemnul
Zin

Shops:
D:5 (


Message History

The orc shouts! x2
Things that are here:
an enchanted battleaxe; a chain mail You barely miss the orc.
The orc closely misses you.
You hit the orc.
You kill the orc!
Cheibriados thoroughly appreciates the change of pace.
The orc misses you.
Things that are here:
a flail; an orc corpse You punch the orc!
You kill the orc!
Cheibriados thoroughly appreciates the change of pace.
No target in view!
No target in view!
No target in view!
No target in view!
No target in view!
No target in view!
No target in view!
No target in view!
No target in view!
No target in view!
No target in view!
No target in view!
No target in view!
No target in view!
No target in view!
No target in view!
No target in view!
No target in view!
Some of the chunks of flesh in your inventory have rotted away.
Items here: )) [ † a trident; a ring mail; a club; an orc corpse Are you sure you want to abandon this character and quit the game? (Confirm with "yes".)

##########
###........#
.)........#
#.#.......#
##.#.......#
#..........#
#.#........#
#.....@))..# .
....#...)...# #
##.##.#.......# ##
..#.#..#)......#
.#####...............#
..#....##.####.......#
......##.. #..†.?..#
......#..#####...[...#
........# #...?.....##


There were no monsters in sight!

Action                   |  1- 3 |  4- 6 |  7- 9 | 10-12 || total
-------------------------+-------+-------+-------+-------++-------
Melee: Unarmed           |    85 |   204 |   344 |   147 ||   780
  Use: Scroll            |       |     5 |    10 |       ||    15
 Stab: Sleeping          |     1 |     2 |     2 |       ||     5
       Distracted        |       |       |     1 |       ||     1
  Eat: Chunk             |    10 |    29 |    59 |    22 ||   120

Notes
Turn   | Place    | Note
--------------------------------------------------------------
     0 | D:1      | Duffy the Ghoul Monk began the quest for the Orb.
     0 | D:1      | Reached XP level 1. HP: 19/19 MP: 0/0
     3 | D:1      | Noticed an electric eel
     3 | D:1      | Noticed an electric eel
   244 | D:1      | Reached XP level 2. HP: 24/26 MP: 1/1
   713 | D:2      | Reached skill level 5 in Unarmed Combat
   906 | D:2      | Reached XP level 3. HP: 13/30 MP: 2/2
  1304 | D:2      | Reached skill level 6 in Unarmed Combat
  1304 | D:2      | Reached XP level 4. HP: 38/38 MP: 3/3
  1628 | D:3      | Reached XP level 5. HP: 16/45 MP: 4/4
  1726 | D:3      | Found a blossoming altar of Fedhas.
  1752 | D:3      | Found a stormy altar of Qazlal.
  1771 | D:3      | Reached skill level 7 in Unarmed Combat
  1946 | D:3      | Noticed Grinder
  1952 | D:3      | Paralysed by Grinder for 6 turns
  2054 | D:3      | Noticed Sigmund
  2680 | D:4      | Reached XP level 6. HP: 47/51 MP: 5/5
  2797 | D:4      | Reached skill level 8 in Unarmed Combat
  3275 | D:3      | Found a snail-covered altar of Cheibriados.
  3276 | D:3      | Found a shattered altar of Ashenzari.
  3290 | D:3      | Killed Sigmund
  3290 | D:3      | Reached skill level 9 in Unarmed Combat
  3290 | D:3      | Reached XP level 7. HP: 25/57 MP: 6/6
  3362 | D:3      | Became a worshipper of Cheibriados the Contemplative
  3362 | D:3      | Reached * piety under Cheibriados
  3362 | D:3      | Reached ** piety under Cheibriados
  3736 | D:5      | Entered Level 5 of the Dungeon
  3868 | D:5      | Reached skill level 3 in Dodging
  4151 | D:5      | Found Tajagg's Antique Weapon Shop.
  4176 | D:5      | Found a basalt altar of Yredelemnul.
  4418 | D:3      | Found a snail-covered altar of Cheibriados.
  4419 | D:3      | Found a shattered altar of Ashenzari.
  4510 | D:3      | Paralysed by Grinder for 3 turns
  4523 | D:3      | Killed Grinder
  4523 | D:3      | Reached skill level 4 in Fighting
  4523 | D:3      | Reached XP level 8. HP: 54/66 MP: 7/7
  4607 | D:3      | Found a blossoming altar of Fedhas.
  4819 | D:3      | Reached *** piety under Cheibriados
  4884 | D:3      | Found a stormy altar of Qazlal.
  5069 | D:5      | Found an ancient bone altar of Kikubaaqudgha.
  5070 | D:5      | Found a glowing silver altar of Zin.
  5256 | D:6      | Noticed Blork the orc
  5276 | D:6      | Killed Blork the orc
  5281 | D:6      | Reached skill level 4 in Dodging
  5281 | D:6      | Reached skill level 10 in Unarmed Combat
  5354 | D:6      | Reached skill level 5 in Fighting
  5463 | D:6      | Noticed Edmund
  5487 | D:6      | Killed Edmund
  5543 | D:6      | Noticed Menkaure
  5549 | D:6      | Killed Menkaure
  5549 | D:6      | Reached skill level 5 in Dodging
  5727 | D:6      | Reached **** piety under Cheibriados
  5999 | D:6      | Found an iron altar of Okawaru.
  6085 | D:6      | Reached skill level 6 in Fighting
  6085 | D:6      | Reached XP level 9. HP: 10/75 MP: 8/8
  6359 | D:7      | Found a staircase to the Ecumenical Temple.
  6375 | D:7      | Got a heavily runed chain mail
  6386 | D:7      | Identified the +7 chain mail "Epahu" {rF+ MP-9 Str+3 Int+3} (You found it on level 7 of the Dungeon)
  6791 | D:8      | Reached ***** piety under Cheibriados
  6907 | D:8      | Reached skill level 1 in Armour
  6918 | D:8      | Reached skill level 11 in Unarmed Combat
  7054 | D:8      | Found a staircase to the Lair.
  7067 | D:8      | Reached skill level 7 in Fighting
  7074 | D:8      | Reached skill level 2 in Armour
  7098 | D:8      | Reached skill level 3 in Armour
  7313 | D:8      | Reached skill level 8 in Fighting
  7443 | D:8      | Reached XP level 10. HP: 84/88 MP: 0/9
  7503 | D:8      | Reached skill level 4 in Armour
  7631 | D:8      | Reached skill level 12 in Unarmed Combat
  7983 | D:8      | Reached ****** piety under Cheibriados
  7983 | D:8      | Reached skill level 9 in Fighting
  8063 | D:9      | Found a bloodstained altar of Trog.
  8073 | D:9      | Reached skill level 5 in Armour
  8315 | D:9      | Quit the game

Vault maps used:
D:1:      arrival_aquarium_b
D:3:      lemuel_crystal_altar, gammafunk_temple_overflow_statue, first_bread,
          fedhas_altar_2, uniq_grinder, uniq_sigmund
D:4:      hangedman_decor_lopped
D:5:      old_standard_altar, gammafunk_temple_overflow_pools, serial_shops,
          nicolae_shop_crystal, grunt_decor_fettered
D:6:      okawaru_altar_gauntlet_db, uniq_blork_the_orc, uniq_menkaure,
          uniq_edmund
D:7:      minmay_temple_entry_statues_pillars
D:8:      minmay_quarter_circles, lair_0_dummy, kennysheep_generic_room_15
D:9:      serial_shops, shop, bloody_trog, uniq_maurice, uniq_joseph

Vanquished Creatures
  3 trolls Grinder Sigmund
  9 yaks
  A basilisk Menkaure
  3 hippogriffs Edmund
  An ice beast
  2 black bears
  2 sky beasts
  A phantom
  A crocodile
  An ogre
  2 centaurs
  8 giant frogs
  3 orc warriors Blork the orc
  A wyvern zombie
  2 scorpions
  A wight
  3 orc priests
  5 crimson imps
  2 quasits
  3 hounds
  A jelly
  9 orc wizards
  A giant frog skeleton
  5 iguanas
  2 centaur skeletons
  6 worker ants
  A killer bee zombie
  A hound zombie
  15 adders
  3 gnolls
  3 oozes
  8 giant geckos
  36 orcs
  5 bats
  7 giant cockroaches
  7 hobgoblins
  8 jackals
  3 ball pythons
  9 giant newts
  8 goblins
  A jackal skeleton
  6 kobolds
  6 quokkas
  A quokka zombie
  8 rats
219 creatures vanquished.
